 Dungeon Crawl Stone Soup version 0.29-a0-321-gf1c400731a (webtiles) character file.

Game seed: 17260254134393757083

4 dianekeaton the Skirmisher (level 1, -1/19 HPs)
             Began as a Hill Orc Fighter on Apr 5, 2022.
             Slain by a jackal (2 damage)
             ... on level 1 of the Dungeon.
             The game lasted 00:00:45 (40 turns).

dianekeaton the Skirmisher (Hill Orc Fighter)         Turns: 40, Time: 00:00:46

Health: -1/19      AC:  6    Str: 18    XL:     1   Next: 70%
Magic:  1/1        EV:  9    Int:  8    God:
Gold:   0          SH:  4    Dex: 10    Spells: 0/0 levels left

rFire   . . .      SeeInvis .   a - +0 war axe
rCold   . . .      Faith    .   c - +0 buckler
rNeg    . . .      Spirit   .   b - +0 scale mail
rPois   .          Reflect  .   (no helmet)
rElec   .          Harm     .   (no cloak)
rCorr   .          Rampage  .   (no gloves)
Will    .....                   (no boots)
Stlth   ..........              (no amulet)
HPRegen 0.06/turn               (no ring)
MPRegen 0.07/turn               (no ring)

@: no status effects
A: no striking features
a: no special abilities


You were on level 1 of the Dungeon.
You visited 1 branch of the dungeon, and saw 1 of its levels.

Inventory:

Hand Weapons
 a - a +0 war axe (weapon)
Armour
 b - a +0 scale mail (worn)
 c - a +0 buckler (worn)
Potions
 d - a potion of might


   Skills:
 - Level 3.6 Fighting
 + Level 3.3 Axes
 - Level 3.2 Armour
 - Level 3.2 Shields


You couldn't memorise any spells.
You didn't know any spells.
Your spell library was empty.

Dungeon Overview and Level Annotations

Branches:
Dungeon (1/15)

Altars:


Message History

The rat twitches its whiskers.
The jackal bites you but does no damage. x2
You barely miss the jackal. You hit the jackal.
You kill the jackal!
The jackal bites you.
The rat twitches its whiskers.
The jackal bites you but does no damage.
The jackal bites you but does no damage.
You hit the endoplasm.
The endoplasm is lightly wounded.
You hit the jackal. The jackal closely misses you.
The endoplasm barely misses you. The jackal bites you.
The endoplasm closely misses you.
You are too injured to fight recklessly!
The jackal attacks as you move away! The jackal completely misses you.
The jackal bites you but does no damage.
You are too injured to fight recklessly!
The jackal attacks as you move away!
The jackal bites you but does no damage.
The endoplasm jiggles.
The jackal bites you.
The jackal bites you but does no damage.
The endoplasm hits you. The jackal attacks as you move away!
The jackal bites you but does no damage.
There is a fountain of clear blue water here.
You open the door. The jackal bites you.
* * * LOW HITPOINT WARNING * * *
The endoplasm freezes you.
You are frozen.
* * * LOW HITPOINT WARNING * * *
Found a hunting sling.
You are too injured to fight recklessly!
Found a scroll labelled ACKAEL KEUG.
The jackal barely misses you.
There is an open door here.
You are too injured to fight recklessly!
The jackal bites you.
* * * LOW HITPOINT WARNING * * *
The jackal bites you.
You die...

#.#.#.## #.......
#......###############
#......#....h.r.....?#
#......#$....JJ......
+......# ..r...B....
#.....#######†#######
#.@#J.r.rr.......#
#..hr..r.###....⌠+
#..#J.....<......#
.)...#..⌠...>...⌠..#
####..###+#######+###
#... .... ...#. .?. ..


You could see an endoplasm, a jackal and 2 rats.

Vanquished Creatures
  A giant cockroach (D:1)
  2 jackals (D:1)
  A rat (D:1)
4 creatures vanquished.

Notes
Turn   | Place    | Note
-------+----------+-------------------------------------------
     0 | D:1      | dianekeaton the Hill Orc Fighter began the quest for the
                  | Orb.
     0 | D:1      | Reached XP level 1. HP: 19/19 MP: 1/1
     1 | D:1      | Found a runed translucent door.
    40 | D:1      | Slain by a jackal

Illustrated notes

Levels and vault maps discovered:
D:1:      dpeg_arrival_caged_fury, layout_basic

Skill      XL: |  1 |
---------------+----+-----
Axes           | 3 |  3.3
Fighting       | |  3.6
Armour         | |  3.2
Shields        | |  3.2

Action                   || total
-------------------------++-------
Melee: War axe           ||    13
Armor: Scale mail        ||    15
Dodge: Dodged            ||    13
Block: Buckler           ||     4

Table legend: (Time is in decaauts)
 A = Elapsed time spent in this place.
 B = Non-inter-level travel time spent in this place.
 C = Inter-level travel time spent in this place.
 D = Time resting spent in this place.
 E = Time spent auto-exploring this place.
 F = Levels seen in this place.
 G = Mean time per level.
                   A        B        C        D        E       F      G
               +--------+--------+--------+--------+--------+-----+--------+
         Total |     45 |     45 |      0 |      0 |      1 |   1 |   45.0 |
       Dungeon |     45 |     45 |      0 |      0 |      1 |   1 |   45.0 |
               +--------+--------+--------+--------+--------+-----+--------+

Top non-repeatable levels by time:
     D:1: 45 daAuts
